 Dungeon Crawl Stone Soup version 0.28.0-49-g6dfe1f597d (webtiles) character file.

Game seed: 3785416800237260

433 Eitelfritz the Slasher (level 6, 0/46 HPs)
             Began as a Demonspawn Gladiator on May 11, 2022.
             Was a Follower of Makhleb.
             Succumbed to a scorpion's poison
             ... on level 4 of the Dungeon.
             The game lasted 00:06:41 (4014 turns).

Eitelfritz the Slasher (Demonspawn Gladiator)       Turns: 4014, Time: 00:06:41

Health: 0/46       AC:  6    Str: 16    XL:     6   Next: 67%
Magic:  7/7        EV: 12    Int:  9    God:    Makhleb [*.....]
Gold:   92         SH:  0    Dex: 17    Spells: 5/5 levels left

rFire   . . .      SeeInvis .   a - +0 long sword
rCold   . . .      Faith    .   (no shield)
rNeg    . . .      Spirit   .   k - +1 ring mail
rPois   .          Reflect  .   (helmet restricted)
rElec   .          Harm     .   (no cloak)
rCorr   .          Rampage  .   (no gloves)
Will    .....                   (no boots)
Stlth   ++........              (no amulet)
HPRegen 0.15/turn               (no ring)
MPRegen 0.10/turn               (no ring)

@: lethally poisoned (0 -> -11)
A: horns 2, thin skeletal structure 1
a: Renounce Religion


You were on level 4 of the Dungeon.
You worshipped Makhleb.
Makhleb was aware of your devotion.
You visited 1 branch of the dungeon, and saw 4 of its levels.

You collected 92 gold pieces.

Inventory:

Hand Weapons
 a - a +0 long sword (weapon)
Missiles
 d - 3 throwing nets (quivered)
Armour
 k - a +1 ring mail (worn)
 l - a +0 chain mail
Scrolls
 e - 3 scrolls of teleportation
 f - 2 scrolls of identify
Potions
 b - a potion of attraction
 j - a potion of haste


   Skills:
 + Level 2.8 Fighting
 + Level 4.7 Long Blades
 + Level 2.0 Throwing
 + Level 2.2 Armour
 + Level 3.6 Dodging
 + Level 1.5 Stealth
 * Level 2.5 Invocations


You had 5 spell levels left.
You didn't know any spells.
Your spell library contained the following spells:

 Spells                   Type           Power      Damage    Failure   Level
 Ignite Poison            Fire/Tmut/Pois 0%         N/A       92%         3
 Mephitic Cloud           Conj/Pois/Air  0%         N/A       92%         3
 Freezing Cloud           Conj/Ice/Air   0%         6-21      100%        5


Dungeon Overview and Level Annotations

Branches:
Dungeon (4/15)
 Temple: D:4-7

Altars:
Makhleb


Innate Abilities, Weirdness & Mutations

You have a pair of horns on your head.
You have a somewhat thin skeletal structure. (Dex +2, Stealth+)


Message History

Found a potion of haste.
Found 16 gold pieces.
The scorpion stings you!
You are poisoned.
The scorpion poisons you!
You hit the scorpion.
The scorpion is lightly wounded.
You feel very sick. The scorpion closely misses you.
The scorpion stings you but does no damage.
You hit the scorpion.
You headbutt the scorpion, but do no damage.
The scorpion is lightly wounded.
You feel sick. The scorpion stings you!
You closely miss the scorpion.
The scorpion is lightly wounded.
You feel sick. The scorpion barely misses you. The scorpion closely misses you.
You hit the scorpion but do no damage. Your headbutt misses the scorpion.
The scorpion is lightly wounded.
You feel sick. The scorpion barely misses you.
You hit the scorpion.
The scorpion is moderately wounded.
You feel sick. The scorpion stings you!
You slash the scorpion!
The scorpion is severely wounded.
You feel sick. The scorpion stings you!
* * * LOW HITPOINT WARNING * * *
You are lethally poisoned!
The scorpion poisons you!
The scorpion stings you but does no damage.
You slash the scorpion!
You kill the scorpion!
Makhleb accepts your kill.
* * * LOW HITPOINT WARNING * * *
You feel very sick.
Unknown command.
Okay, then.
Unknown command.
Unknown command.
You die...

#.# .#
###.#####.#
#.......$.#
#.........#
#.!.......#
#.........#
#.........#
#..@......#
######..?......#
.....>...........
#.............###
#.......#######
#.......#
#.......#
#.......#
#.......##


There were no monsters in sight!

Vanquished Creatures
  2 scorpions
  A water moccasin zombie (D:3)
  Natasha (thrice) (D:2)
  An orc wizard (D:3)
  4 gnolls
  4 adders
  4 worms
  A dart slug (D:1)
  9 orcs
  6 endoplasms
  4 giant cockroaches
  4 goblins
  3 hobgoblins
  4 jackals (D:1)
  5 kobolds
  2 quokkas
  5 ball pythons
  7 bats
  A frilled lizard (D:1)
  2 rats
72 creatures vanquished.

Vanquished Creatures (others)
  A plant (D:2)
1 creature vanquished.

Grand Total: 73 creatures vanquished

Notes
Turn   | Place    | Note
-------+----------+-------------------------------------------
     0 | D:1      | Eitelfritz the Demonspawn Gladiator began the quest for the
                  | Orb.
     0 | D:1      | Reached XP level 1. HP: 16/16 MP: 1/1
   246 | D:1      | Gained mutation: You have a somewhat thin skeletal
                  | structure. (Dex +2, Stealth+) [demonic ancestry]
   246 | D:1      | Reached XP level 2. HP: 19/22 MP: 2/2
   438 | D:1      | Reached skill level 3 in Long Blades
   671 | D:1      | Gained mutation: You have a pair of small horns on your
                  | head. [demonic ancestry]
   671 | D:1      | Reached XP level 3. HP: 14/27 MP: 3/3
   902 | D:2      | Noticed Natasha
  1148 | D:2      | Killed Natasha
  1241 | D:2      | Found a faded altar of an unknown god.
  1264 | D:2      | Reached XP level 4. HP: 25/33 MP: 4/4
  1273 | D:2      | Reached skill level 1 in Stealth
  1299 | D:2      | Noticed Natasha
  1357 | D:2      | Killed Natasha
  1358 | D:2      | Reached skill level 1 in Armour
  1400 | D:2      | Noticed Natasha
  1443 | D:2      | Killed Natasha
  1762 | D:2      | Found a burning altar of Makhleb.
  1768 | D:2      | Reached XP level 5. HP: 39/39 MP: 5/5
  1770 | D:2      | Became a worshipper of Makhleb the Destroyer
  2062 | D:3      | Reached skill level 4 in Long Blades
  2062 | D:3      | Reached skill level 1 in Invocations
  2390 | D:3      | HP: 1/39 [poisoned by a scorpion]
  2393 | D:3      | Gained mutation: You have a pair of horns on your head.
                  | [demonic ancestry]
  2393 | D:3      | Reached XP level 6. HP: 10/46 MP: 7/7
  3910 | D:4      | Reached * piety under Makhleb
  4014 | D:4      | Succumbed to a scorpion's poison

Illustrated notes

Levels and vault maps discovered:
D:1:      dpeg_arrival_snail, layout_basic
D:2:      layout_rooms, shapermc_ecumenical_altar_ellora, basic_altar,
          uniq_natasha
D:3:      layout_basic, lemuel_old_faithful
D:4:      layout_basic, minmay_temple_entry_butterflies, uniq_robin

Skill      XL: |  1  2  3  4  5  6 |
---------------+-------------------+-----
Dodging        | 3 |  3.6
Throwing       | 2 |  2.0
Long Blades    | 3 4 |  4.7
Stealth        | 1 |  1.5
Armour         | 1 2 |  2.2
Invocations    | 2 |  2.5
Fighting       | |  2.8

Action                   |  1- 3 |  4- 6 || total
-------------------------+-------+-------++-------
Melee: Long sword        |    68 |   162 ||   230
       Headbutt          |     7 |    33 ||    40
       Punch             |       |     2 ||     2
  Use: Potion            |       |     2 ||     2
       Scroll            |       |     7 ||     7
 Stab: Sleeping          |     4 |     2 ||     6
       Distracted        |       |     1 ||     1
Armor: Leather armour    |    19 |     7 ||    26
       Ring mail         |       |    29 ||    29
Dodge: Dodged            |    43 |   118 ||   161
